 Dungeon Crawl Stone Soup version 0.25-a0-516-g7d600cd (webtiles) character file.

Game seed: 1461777724286593886, levelgen mode: deterministic

20 wolfsongas the Skirmisher (level 2, -3/42 HPs)
             Began as a Minotaur Fighter on Feb 16, 2020.
             Slain by a worm (5 damage)
             ... on level 2 of the Dungeon.
             The game lasted 00:01:23 (950 turns).

wolfsongas the Skirmisher (Minotaur Fighter)         Turns: 950, Time: 00:01:24

Health: -3/42      AC: 21    Str: 20    XL:     2   Next: 58%
Magic:  1/1        EV:  2    Int:  5    God:
Gold:   36         SH:  9    Dex:  9    Spells: 1/1 levels left

rFire    . . .     SeeInvis +   a - +0 war axe
rCold    . . .     Gourm    .   c - +0 kite shield
rNeg     + + +     Faith    .   (armour currently unavailable)
rPois    +         Spirit   .   (helmet currently unavailable)
rElec    .         Reflect  .   (cloak currently unavailable)
rCorr    .         Harm     .   (gloves currently unavailable)
MR       .....     NoTele   +   (boots currently unavailable)
Stlth    +.........             (no amulet)
HPRegen  0.14/turn              e - ring of see invisible
MPRegen  0.07/turn              (no ring)

@: tree-form
A: (retaliatory headbutt)
a: no special abilities


You were on level 2 of the Dungeon.
You were not hungry.
You were a tree.
You visited 1 branch of the dungeon, and saw 2 of its levels.

You collected 36 gold pieces.

Inventory:

Hand Weapons
 a - a +0 war axe (weapon)
Armour
 b - a +0 scale mail (melded)
 c - a +0 kite shield (worn)
Jewellery
 e - a ring of see invisible (left branch)
Potions
 d - a potion of might
 m - a potion of brilliance
Comestibles
 f - 3 rations
 g - a chunk of flesh


   Skills:
 * Level 4.8 Fighting
 - Level 2.4 Axes
 - Level 3.6 Armour
 - Level 3.6 Shields


You had one spell level left.
You didn't know any spells.
Your spell library was empty.

Dungeon Overview and Level Annotations

Branches:
Dungeon (2/15)

Altars:


Innate Abilities, Weirdness & Mutations

((You reflexively headbutt those who attack you in melee.))
((You have a pair of horns on your head.))


Message History

You block the worm's attack.
You hit the worm but do no damage.
The worm is severely wounded.
Your shield prevents you from hitting the goblin.
The goblin hits you with a +0 club.
* * * LOW HITPOINT WARNING * * *
The worm bites you.
* * * LOW HITPOINT WARNING * * *
You hit the worm.
The worm is severely wounded.
You miss the goblin. The goblin hits you but does no damage.
The goblin hits you with a +0 club.
* * * LOW HITPOINT WARNING * * *
Really quaff the potion of lignification? [Y]es or [N]o only, please.
Really quaff the potion of lignification?
You turn into a tree.
Your +0 scale mail melds into your body.
Your roots penetrate the ground.
The worm bites you.
You die...

##### .".# #.).
#..# # #.<#######.#
##.##.?..)♣w..(#
#......#...g......
#.####..#.#######+#
#....# #.#..#
..######....#
.........#..#
..####÷##<.#
#.#.#..#


You could see a worm and a goblin.

Vanquished Creatures
  An adder (D:2)
  A dart slug (D:1)
  A goblin (D:1)
  2 hobgoblins (D:1)
  A bat (D:1)
  2 frilled lizards (D:1)
  2 rats (D:1)
  A toadstool (D:1)
11 creatures vanquished.

Vanquished Creatures (others)
  3 toadstools (D:1)
3 creatures vanquished.

Grand Total: 14 creatures vanquished

Notes
Turn   | Place    | Note
-------+----------+-------------------------------------------
     0 | D:1      | wolfsongas the Minotaur Fighter began the quest for the
                  | Orb.
     0 | D:1      | Reached XP level 1. HP: 19/19 MP: 0/0
   313 | D:1      | Reached skill level 4 in Fighting
   328 | D:1      | Reached XP level 2. HP: 28/28 MP: 1/1
   949 | D:2      | HP: 1/28 [goblin/+0 club (1)]
   950 | D:2      | Slain by a worm

Levels and vault maps discovered:
D:1:      ldierk_water_garden, layout_loops_corners, minmay_statues_item
D:2:      layout_loops_ring, elyvilon_altar_5, minmay_door_square,
          minmay_stone_trees_small, uniq_jessica

Skill      XL: |  1 |
---------------+----+-----
Fighting       | 4 |  4.8
Axes           | |  2.4
Armour         | |  3.6
Shields        | |  3.6

Action                   || total
-------------------------++-------
Melee: War axe           ||    36
       Headbutt          ||     6
  Use: Scroll            ||     5
       Potion            ||     1
Armor: Scale mail        ||    16
Dodge: Dodged            ||     6
Block: Kite shield       ||    14

Table legend:
 A = Non-vault XP
 B = Vault XP
 C = Vault XP percentage of total XP
 D = Non-vault monster count
 E = Vault monster count
 F = Vault count percentage of total count
                 A         B        C        D         E       F
            +---------+---------+-------+---------+---------+-------
      Total |      29 |       0 |   0.0 |      10 |       0 |   0.0
            +---------+---------+-------+---------+---------+-------
        D:1 |      15 |       0 |   0.0 |       9 |       0 |   0.0
        D:2 |      14 |       0 |   0.0 |       1 |       0 |   0.0
            +---------+---------+-------+---------+---------+-------
